AoeStats
← Dieguin

Arabia

504211697Analyzed
1v1 RM · 28d ago on Sep 4, 2026· 47m 13s· 2 players
Game mode
Random Map
Map size
Tiny (2 player)
Population
200
Speed
Normal
Resources
Standard
Victory
Conquest
Starting age
Dark Age
Ending age
Imperial Age
RankedLock teamsTeams togetherTeam positionsShared explorationLock speedFull tech treeHidden civsTurbo modeCheats
Victory
Defeat
🇩🇪 Vietnamese · Germany
791
+18
🇨🇴 Persians · Colombia
842
-18
Dieguin
6:52 Loom
9:29 Feudal Age
11:34 Double-Bit Axe
19:09 Fletching
23:44 Castle Age
23:11 Horse Collar
27:10 Scale Barding Armor
26:38 Elite Skirmisher
29:23 Bloodlines
29:28 Husbandry
33:55 Wheelbarrow
35:36 Padded Archer Armor
38:38 Heavy Plow
41:16 Leather Archer Armor
43:16 Ballistics
48:43 Imperial Age
47:42 Chain Barding Armor
willemartin
7:09 Loom
9:45 Feudal Age
10:12 Double-Bit Axe
10:42 Horse Collar
23:00 Castle Age
21:33 Fletching
21:44 Padded Archer Armor
23:18 Gold Mining
24:40 Crossbowman
25:43 Leather Archer Armor
25:28 Bodkin Arrow
26:57 Thumb Ring
28:58 Ballistics
33:29 Wheelbarrow
35:12 Hand Cart
37:57 Imperial Age
37:55 Bow Saw
37:49 Stone Mining
38:40 Bracer
39:51 Chemistry
39:25 Ring Archer Armor
38:19 Arbalester
38:36 Capped Ram
44:31 Two-Man Saw
43:19 Town Watch
Connection lost

Rejoining the realm…

Still unreachable

The connection could not be restored.

Session expired

The server has moved on; the page needs a fresh start.